 Dungeon Crawl Stone Soup version 0.31-a0-543-geaa9c7a2c0 (webtiles) character file.

Game seed: 12432762155033973981

21053 Morbidden the Destroyer (level 12, -3/89 HPs)
             Began as a Demonspawn Conjurer on Aug 15, 2023.
             Was a High Priest of Cheibriados.
             Slain by an elephant (12 damage)
             ... on level 3 of the Lair of Beasts.
             The game lasted 00:18:41 (18719 turns).

Morbidden the Destroyer (Demonspawn Conjurer)      Turns: 18719, Time: 00:18:42

Health: -3/89      AC: 24    Str: 19    XL:     12   Next: 50%
Magic:  3/25       EV: 16    Int: 36    God:    Cheibriados [*****.]
Gold:   1773       SH:  0    Dex: 25    Spells: 22/29 levels left

rFire   . . .        b - +5 double sword (flame)
rCold   . . .        (no shield)
rNeg    . . .        O - +0 swamp dragon scales
rPois   +            (no helmet)
rElec   .            C - +0 cloak
rCorr   .            g - +1 pair of gloves {hurl}
SInv    .            h - +2 pair of boots
Will    .....        (no amulet)
Stlth   ++           Q - ring of wizardry
HPRegen 0.34/turn    s - ring of wizardry
MPRegen 0.19/turn

%: wizardry (x2)
@: lethally poisoned (-3 -> -5), sanguine armoured, very slightly contaminated,
very slow
A: foul stench 1, sanguine armour 2, demonic touch 1
a: Renounce Religion, Bend Time, Temporal Distortion, Slouch, Step From Time


You were on level 3 of the Lair of Beasts.
You worshipped Cheibriados.
Cheibriados was extremely pleased with you.
You visited 4 branches of the dungeon, and saw 15 of its levels.

You collected 1773 gold pieces.

Inventory:

Hand Weapons
 a - a +1 vampiric dagger
 b - a +5 double sword of flaming (weapon)
Missiles
 r - a curare-tipped dart
Armour
 g - a +1 pair of gloves of hurling (worn)
 h - a +2 pair of boots (worn)
 w - a +0 buckler
 C - a +0 cloak (worn)
 O - +0 swamp dragon scales (worn)
Jewellery
 c - a ring of flight
 d - a ring of see invisible
 s - a ring of wizardry (right hand)
 u - a ring of positive energy
 L - a ring of ice
 P - a ring of fire
 Q - a ring of wizardry (left hand)
Talismans
 M - a storm talisman
Wands
 F - a wand of flame (11)
 I - a wand of mindburst (3)
 J - a wand of polymorph (10)
 R - a wand of quicksilver (3)
Scrolls
 e - 3 scrolls of enchant armour
 i - 7 scrolls of identify
 k - 2 scrolls of teleportation
 o - a scroll of vulnerability
 t - 2 scrolls of immolation {unknown}
 v - a scroll of blinking {unknown}
 x - 4 scrolls of noise {unknown}
 y - a scroll of silence {unknown}
 D - 2 scrolls of fog {unknown}
 E - a scroll of amnesia {unknown}
 S - a scroll of summoning {unknown}
Potions
 f - 4 potions of heal wounds
 j - a potion of haste {unknown}
 l - 2 potions of might
 m - 2 potions of cancellation {unknown}
 n - a potion of degeneration {unknown}
 p - 2 potions of mutation {unknown}
 z - a potion of curing {unknown}
 A - a potion of berserk rage {unknown}
 B - a potion of brilliance {unknown}
 G - 2 potions of magic
 H - a potion of lignification {unknown}
 K - a potion of invisibility {unknown}
 N - a potion of ambrosia {unknown}


   Skills:
 * Level 6.3 Fighting
 + Level 2.3(4.5) Short Blades
 * Level 6.1(6.3) Long Blades
 * Level 6.4 Armour
 * Level 6.1 Dodging
 + Level 3.2 Stealth
 + Level 1.3 Shields
 + Level 0.1 Unarmed Combat
 * Level 9.2 Spellcasting
 * Level 10.4 Conjurations
 * Level 4.7 Translocations
 * Level 5.3 Invocations
 + Level 0.2 Evocations
 * Level 2.9 Shapeshifting


You had 22 spell levels left.
You knew the following spells:

 Your Spells              Type           Power      Damage    Failure   Level
a - Magic Dart            Conj           100%       1d8       1%          1
b - Searing Ray           Conj           100%       2d8       1%          2
z - Iskenderun's Mystic   Conj/Tloc      63%        2d13      1%          4

Your spell library contained the following spells:

 Spells                   Type           Power      Damage    Failure   Level
 Sting                    Tmut/Pois      64%        1d6       1%          1
 Lesser Beckoning         Tloc           100%       N/A       1%          2
 Static Discharge         Conj/Air       100%       2-7/arc   1%          2
 Dazzling Flash           Conj/Hex       100%       N/A       1%          3
 Gell's Gravitas          Tloc           50%        N/A       1%          3
 Teleport Other           Tloc           50%        N/A       1%          3
 Fulminant Prism          Conj/Hex       26%        3d14      1%          4
 Frozen Ramparts          Ice            32%        1d5       3%          3
 Airstrike                Air            8%         2d(2-18)  11%         4
 Animate Dead             Necr           16%        N/A       11%         4
 Petrify                  Tmut/Erth      16%        N/A       11%         4
 Summon Lightning Spire   Summ/Air       16%        N/A       11%         4
 Summon Forest            Summ/Tloc      16%        N/A       11%         5
 Borgnjor's Vile Clutch   Necr/Erth      8%         N/A       28%         5
 Metabolic Englaciation   Hex/Ice        8%         N/A       28%         5
 Death Channel            Necr           8%         N/A       80%         6
 Eringya's Noxious Bog    Tmut/Pois      8%         4d6       80%         6
 Summon Hydra             Summ           8%         N/A       100%        7


Dungeon Overview and Level Annotations

Branches:
Dungeon (10/15)            Temple (1/1) D:4            Lair (3/5) D:10
 Shoals (0/4) Lair:2        Snake (1/4) Lair:2          Orc (0/2) D:10

Altars:
Ashenzari
Cheibriados
Dithmenos
Fedhas
Gozag
Hepliaklqana
Kikubaaqudgha
Makhleb
Nemelex Xobeh
Okawaru
Qazlal
Ru
Sif Muna
Trog
Uskayaw
Vehumet
Wu Jian
Xom
Yredelemnul

Annotations:
Lair:1 3 runed translucent doors, Qointemp's ghost, novice FeSh
Lair:3 2 transporters, Enofa's ghost, journeyman DsGl


Innate Abilities, Weirdness & Mutations

You may rarely emit foul miasma when damaged in melee.
When seriously injured, your blood forms thick armour. (AC +9)
Your touch may inflict minor irresistible damage on your foes.


Message History

Confirm with . or Enter, or press ? or * to list all spells.
You miscast Iskenderun's Mystic Blast.
You are very lightly contaminated with residual magic.
Nothing appears to happen.
You feel sick. The elephant completely misses you.
The elephant trunk-slaps you but does no damage.
Unknown command.
Unknown command.
Unknown command.
You are too injured to fight recklessly!
Unknown command.
You slice the elephant!! You burn the elephant!
You kill the elephant!
Cheibriados appreciates the change of pace.
You feel sick. The elephant closely misses you.
The elephant trunk-slaps you but does no damage.
The elephant tramples you but does no damage.
The elephant trunk-slaps you but does no damage.
Unknown command.
You slash the elephant! You burn the elephant.
You kill the elephant!
Cheibriados thoroughly appreciates the change of pace.
You feel sick. The elephant tramples you.
* * * LOW HITPOINT WARNING * * *
You stumble backwards!
Unknown command.
Unknown command.
Unknown command.
You hit the elephant but do no damage.
You touch the elephant!
The elephant is severely wounded.
You feel sick. The elephant misses you. The elephant closely misses you.
The elephant tramples you!
* * * LOW HITPOINT WARNING * * *
You stumble backwards!
Unknown command.
Unknown command.
Unknown command.
You slash the elephant! You burn the elephant.
The elephant is severely wounded.
You feel sick. The elephant tramples you!
You die...

###.# #.......##...#
#.......+....# # #........#...#
.# #.......# #..## ..# #
##.......###...##..# #.
###........##...##...##
##.#.###.......#..##.#...#
................@...............#
...............YY..............##
...............................P#
.........÷.....†.....#####.....P#
.............†.....###i©.###.....
.......÷..........##...i.# ##....
#..†..............##..#.## #...†
.....Y##.#...##..##.###.# #.##...
.......######....#yi ..) #.y#...


You could see 2 elephants.

Vanquished Creatures
  Erica (D:9)
  Urug (Lair:2)
  Amaemon (Lair:2)
  2 harpies (Lair:2)
  3 black mambas
  4 elephants (Lair:3)
  Maggie (D:10)
  A naga mage (Snake:1)
  An orange demon (Lair:2)
  An unseen horror (D:10)
  8 cane toads
  3 komodo dragons
  3 polar bears
  2 hornets (D:9)
  9 blink frogs (Lair:3)
  A wyvern (Lair:1)
  24 yaks
  A basilisk (Lair:2)
  2 steam dragons
  3 wargs
  An acid dragon (D:9)
  8 water moccasins
  A sky beast (D:6)
  An orc warrior (D:10)
  2 ogres
  2 black bears
  3 wolves (Lair:2)
  6 centaurs
  2 phantoms
  11 bullfrogs
  A gnoll sergeant (D:6)
  2 scorpions
  4 wights (D:8)
  11 killer bees
  An electric eel (Lair:2)
  3 howler monkeys (D:9)
  7 hounds
  A gnoll bouda (D:8)
  3 orc priests
  6 iguanas
  6 orc wizards
  Natasha (twice) (D:4)
  23 gnolls
  8 adders
  3 shadow imps
  A white imp (D:6)
  2 ufetubi
  2 worms
  3 dart slugs
  24 orcs
  6 ball pythons
  4 bats
  8 endoplasms
  A giant cockroach (D:1)
  A goblin (D:3)
  12 hobgoblins
  7 jackals
  3 quokkas
  8 kobolds
  6 rats
278 creatures vanquished.

Vanquished Creatures (others)
  A quokka (D:4)
1 creature vanquished.

Grand Total: 279 creatures vanquished

Notes
Turn   | Place    | Note
-------+----------+-------------------------------------------
     0 | D:1      | Morbidden the Demonspawn Conjurer began the quest for the
                  | Orb.
     0 | D:1      | Reached XP level 1. HP: 13/13 MP: 3/3
   369 | D:1      | Gained mutation: When seriously injured, your blood forms
                  | armour. (AC +9) [demonic ancestry]
   369 | D:1      | Reached XP level 2. HP: 20/20 MP: 0/5
  2176 | D:1      | Reached XP level 3. HP: 18/25 MP: 3/6
  2180 | D:1      | Learned a level 2 spell: Searing Ray
  2674 | D:2      | Noticed a great orb of eyes
  2678 | D:2      | Noticed a shining eye
  2680 | D:2      | Found a faded altar of an unknown god.
  2682 | D:2      | Noticed an eye of devastation
  2682 | D:2      | Noticed a great orb of eyes
  2771 | D:2      | Found an opulent altar of Gozag.
  3051 | D:2      | Reached skill level 1 in Fighting
  3051 | D:2      | Reached skill level 1 in Armour
  3051 | D:2      | Reached XP level 4. HP: 13/32 MP: 0/7
  3861 | D:3      | Reached XP level 5. HP: 37/37 MP: 1/9
  3980 | D:3      | Reached skill level 5 in Conjurations
  4418 | D:3      | Found a shimmering blue altar of Sif Muna.
  4521 | D:3      | Got Sif Muna's Folio of Shapeshifting
  4735 | D:4      | Noticed an angel
  4745 | D:4      | Found a shimmering altar of Xom.
  4748 | D:4      | Noticed a phantom
  4754 | D:4      | Killed a phantom
  4755 | D:4      | Reached XP level 6. HP: 43/43 MP: 3/11
  5247 | D:4      | Reached skill level 6 in Conjurations
  5310 | D:4      | Noticed Natasha
  5318 | D:4      | Killed Natasha
  5492 | D:4      | Reached XP level 7. HP: 38/48 MP: 7/13
  5643 | D:4      | Found a staircase to the Ecumenical Temple.
  5650 | Temple   | Entered the Ecumenical Temple
  6041 | D:4      | Noticed Natasha
  6048 | D:4      | Killed Natasha
  6135 | D:5      | Entered Level 5 of the Dungeon
  6604 | D:5      | Reached skill level 5 in Spellcasting
  6780 | D:5      | Identified the +1 ring mail of Spaghetti {-Cast Harm Int-2
                  | Dex+8}
  7168 | D:5      | Gained mutation: When seriously injured, your blood forms
                  | thick armour. (AC +9) [demonic ancestry]
  7168 | D:5      | Reached XP level 8. HP: 57/57 MP: 9/15
  7464 | D:6      | Reached skill level 7 in Conjurations
  8157 | D:6      | Reached skill level 1 in Short Blades
  8216 | D:6      | Learned a level 4 spell: Iskenderun's Mystic Blast
  9679 | D:7      | Reached skill level 1 in Translocations
  9679 | D:7      | Reached XP level 9. HP: 32/64 MP: 9/18
  9793 | D:7      | Found a broken altar of Ashenzari.
  9812 | D:7      | Found a snail-covered altar of Cheibriados.
  9821 | D:7      | Became a worshipper of Cheibriados the Contemplative
 10756 | D:8      | Reached skill level 8 in Conjurations
 11021 | D:8      | Reached * piety under Cheibriados
 11561 | D:8      | Reached skill level 9 in Conjurations
 11683 | D:8      | You are sucked into a shaft and drop 2 floors!
 11683 | D:10     | Entered Level 10 of the Dungeon
 11685 | D:10     | Found a staircase to the Orcish Mines.
 11811 | D:10     | Reached XP level 10. HP: 25/71 MP: 12/21
 11989 | D:10     | Reached ** piety under Cheibriados
 12362 | D:9      | Reached skill level 1 in Shields
 13340 | D:9      | Noticed Erica
 13346 | D:9      | Killed Erica
 13724 | D:8      | Reached skill level 1 in Long Blades
 13898 | D:8      | Reached skill level 5 in Armour
 13954 | D:8      | Reached skill level 1 in Invocations
 14158 | D:8      | Found a hazy altar of Hepliaklqana.
 14324 | D:10     | Noticed Maggie
 14335 | D:10     | Killed Maggie
 14504 | D:10     | Reached *** piety under Cheibriados
 14673 | D:10     | Found a staircase to the Lair.
 14714 | D:10     | Gained mutation: Your touch may inflict minor irresistible
                  | damage on your foes. [demonic ancestry]
 14714 | D:10     | Reached XP level 11. HP: 49/78 MP: 14/23
 15083 | D:10     | Reached skill level 5 in Fighting
 15255 | Lair:1   | Entered Level 1 of the Lair of Beasts
 15478 | Lair:1   | Reached skill level 1 in Shapeshifting
 15544 | Lair:1   | Reached skill level 5 in Dodging
 15722 | Lair:1   | Reached **** piety under Cheibriados
 15855 | Lair:1   | Reached skill level 10 in Conjurations
 16021 | Lair:1   | Found a runed translucent gate.
 16021 | Lair:1   | Found a runed translucent gate.
 16021 | Lair:1   | Found a runed translucent gate.
 16036 | Lair:1   | Noticed a death yak
 16036 | Lair:1   | Noticed Qointemp's ghost (novice FeSh)
 16727 | Lair:2   | Noticed Amaemon
 16866 | Lair:2   | Noticed Urug
 16877 | Lair:2   | Killed Urug
 17035 | Lair:2   | Found a staircase to the Snake Pit.
 17088 | Lair:2   | Identified a scroll of acquirement
 17088 | Lair:2   | Acquired 959 gold pieces
 17191 | Lair:2   | Killed Amaemon
 17345 | Lair:2   | Reached skill level 5 in Long Blades
 17345 | Lair:2   | Gained mutation: You may rarely emit foul miasma when
                  | damaged in melee. [demonic ancestry]
 17345 | Lair:2   | Reached XP level 12. HP: 39/87 MP: 25/25
 18086 | Lair:2   | Reached ***** piety under Cheibriados
 18088 | Lair:2   | Found a staircase to the Shoals.
 18391 | Snake:1  | Entered Level 1 of the Snake Pit
 18515 | Lair:3   | Reached skill level 5 in Invocations
 18523 | Lair:3   | Found a transporter.
 18665 | Lair:3   | Found a transporter.
 18710 | Lair:3   | Noticed Enofa's ghost (journeyman DsGl)
 18719 | Lair:3   | Slain by an elephant

Illustrated notes

Levels and vault maps discovered:
D:1:      minmay_arrival_four_loops, layout_loops_corners, serial_rivers,
          chequers_serial_rivers_micro_c, chequers_serial_rivers_small_b,
          chequers_serial_rivers_large_b, chequers_serial_rivers_room_b,
          chequers_serial_rivers_micro_d
D:2:      layout_rooms, hellmonk_ecumenical_altar_watching_god, basic_altar,
          serial_park_tiny_pond
D:3:      layout_basic, led_sif_book, nicolae_grassy_gnolls
D:4:      layout_gridville, grunt_temple_overflow_order_and_chaos_1,
          elyvilon_altar_4, minmay_temple_entry_statues_fountains,
          kennysheep_cross_room, serial_park_tiny_1, roderic_roman_lattice,
          kennysheep_diamond, uniq_natasha
D:5:      layout_basic, minmay_misc_feat_more_columns, eino_tiny_chamber,
          kennysheep_donut
D:6:      layout_layer_cave, minmay_tree_intersection
D:7:      layout_basic, nicolae_ashenzari_panopticon, slow_altar_1,
          serial_corexii_hall, corexii_hall_statues_x, chequers_hall_statues_y
D:8:      layout_rooms, mainiacjoe_overflow_alcove_1
D:9:      layout_stronghold, uniq_erica
D:10:     layout_loops_ring, erik_lair_orcish_takeover, orc_0_dummy, uniq_maggie
Temple:   regret_index_temple_generic_petals
Lair:1:   layout_regular_city, gammafunk_ghost_split,
          eino_small_chamber_without_monster, lemuel_fruit_tree,
          grunt_megastairs_1
Lair:2:   layout_misc_corridors, nicolae_shoals_entry_roost, dummy_snake_entry,
          infiniplex_staircase_pool, uniq_urug, uniq_amaemon
Lair:3:   layout_regular_city, gammafunk_ghost_wrathful_warriors
Snake:1:  layout_misc_corridors, drop_trap

Skill      XL: |  1  2  3  4  5  6  7  8  9 10 11 12 |
---------------+-------------------------------------+-----
Dodging        | 2 3 4 5 6 |  6.1
Fighting       | 1 2 3 4 5 6 |  6.3
Armour         | 1 2 3 5 6 |  6.4
Stealth        | 2 3 |  3.2
Spellcasting   | 3 4 5 6 7 8 9 |  9.2
Conjurations   | 5 6 7 9 10 | 10.4
Short Blades   | 1 2 |  2.3
Translocations | 1 2 3 4 |  4.7
Shields        | 1 |  1.3
Long Blades    | 1 5 6 |  6.1
Invocations    | 1 4 5 |  5.3
Shapeshifting  | 2 |  2.9
Unarmed Combat | |  0.1
Evocations     | |  0.2

Action                     |  1- 3 |  4- 6 |  7- 9 | 10-12 || total
---------------------------+-------+-------+-------+-------++-------
  Melee: Unarmed           |     1 |       |       |       ||     1
         Dagger            |     7 |    44 |    74 |    65 ||   190
         Punch             |       |     1 |       |       ||     1
         Scimitar          |       |       |       |   144 ||   144
         Double sword      |       |       |       |    99 ||    99
         Touch             |       |       |       |    35 ||    35
   Cast: Magic Dart        |    76 |    73 |   136 |    54 ||   339
         Searing Ray       |     1 |    14 |    68 |    34 ||   117
         Iskenderun's Myst |       |       |    10 |    71 ||    81
  Evoke: Wand              |       |       |     1 |     6 ||     7
    Use: Potion            |       |       |     3 |     1 ||     4
         Scroll            |       |       |       |     9 ||     9
   Stab: Sleeping          |       |       |       |     1 ||     1
 Armour: Robe              |    14 |    26 |    18 |       ||    58
         Leather armour    |       |       |    34 |    31 ||    65
         Swamp dragon scal |       |       |       |   128 ||   128
  Dodge: Dodged            |    15 |    50 |   107 |   332 ||   504
  Block: Buckler           |       |       |    35 |    27 ||    62

Table legend: (Time is in decaauts)
 A = Elapsed time spent in this place.
 B = Non-inter-level travel time spent in this place.
 C = Inter-level travel time spent in this place.
 D = Time resting spent in this place.
 E = Time spent auto-exploring this place.
 F = Levels seen in this place.
 G = Mean time per level.
                   A        B        C        D        E       F      G
               +--------+--------+--------+--------+--------+-----+--------+
         Total |  20847 |  20137 |    710 |   2784 |  14944 |  15 | 1389.8 |
       Dungeon |  16401 |  15847 |    554 |   1902 |  12185 |  10 | 1640.1 |
        Temple |      1 |      1 |      0 |      0 |      0 |   1 |    1.0 |
          Lair |   4364 |   4209 |    155 |    882 |   2733 |   3 | 1454.7 |
     Snake Pit |     80 |     80 |      0 |      0 |     25 |   1 |   80.0 |
               +--------+--------+--------+--------+--------+-----+--------+

Top non-repeatable levels by time:
     D:1: 2402 daAuts
     D:6: 2075 daAuts
  Lair:2: 2039 daAuts
  Lair:1: 2039 daAuts
    D:10: 1960 daAuts
     D:9: 1817 daAuts
     D:8: 1701 daAuts
     D:7: 1462 daAuts
     D:4: 1407 daAuts
     D:5: 1251 daAuts
     D:3: 1241 daAuts
     D:2: 1082 daAuts
  Lair:3: 285 daAuts
 Snake:1: 80 daAuts
  Temple: 1 daAuts
